 Dungeon Crawl Stone Soup version 0.26.1-16-g4e020e15dc (webtiles) character file.

Game seed: 7027544744382956649

72 SonOfAdam the Conjurer (level 4, -2/32 HPs)
             Began as a Gnoll Conjurer on Apr 13, 2024.
             Slain by a quasit (3 damage)
             ... on level 2 of the Dungeon.
             The game lasted 00:05:34 (2048 turns).

SonOfAdam the Conjurer (Gnoll Conjurer)             Turns: 2048, Time: 00:05:35

Health: -2/32      AC:  0    Str:  9      XL:     4   Next: 25%
Magic:  1/11       EV: 13    Int: 21      God:
Gold:   150        SH:  0    Dex:  9 (14) Spells: 3/13 levels left

rFire    . . .     SeeInvis .   a - +0 mace
rCold    . . .     Faith    .   (no shield)
rNeg     . . .     Spirit   .   k - -2 robe
rPois    .         Reflect  .   (no helmet)
rElec    .         Harm     .   (no cloak)
rCorr    .         Rampage  .   (no gloves)
Will     .....                  (no boots)
Stlth    ++........             (no amulet)
HPRegen  0.10/turn              (no ring)
MPRegen  0.12/turn              (no ring)

@: no status effects
A: distributed training, fangs 1, strong nose
a: no special abilities


You were on level 2 of the Dungeon.
You visited 1 branch of the dungeon, and saw 3 of its levels.

You collected 150 gold pieces.

Inventory:

Hand Weapons
 a - a +0 mace (weapon)
 b - a +0 dagger
Missiles
 e - 29 arrows
 g - 134 stones
Armour
 d - a +0 leather armour
 f - a +0 robe
 k - a -2 robe (worn)
Scrolls
 l - a scroll of teleportation {unknown}
 m - a scroll of fog {unknown}
 n - 2 scrolls of identify {unknown}
Potions
 c - 2 potions of heal wounds
 h - a potion of haste {unknown}
 o - a potion of ambrosia {unknown}


   Skills:
 + Level 1.1 Fighting
 + Level 1.1 Short Blades
 + Level 1.1 Long Blades
 + Level 1.1 Axes
 + Level 1.1 Maces & Flails
 + Level 1.1 Polearms
 + Level 1.1 Staves
 + Level 1.1 Slings
 + Level 1.1 Bows
 + Level 1.1 Crossbows
 + Level 1.1 Throwing
 + Level 1.1 Armour
 + Level 4.6 Dodging
 + Level 4.2 Stealth
 + Level 1.1 Shields
 + Level 1.1 Unarmed Combat
 + Level 5.0 Spellcasting
 + Level 7.1 Conjurations
 + Level 0.8 Hexes
 + Level 0.8 Summonings
 + Level 0.8 Necromancy
 + Level 0.8 Translocations
 + Level 0.8 Transmutations
 + Level 0.8 Fire Magic
 + Level 0.8 Ice Magic
 + Level 0.8 Air Magic
 + Level 0.8 Earth Magic
 + Level 0.8 Poison Magic
 + Level 1.2 Invocations
 + Level 1.1 Evocations


You had 3 spell levels left.
You knew the following spells:

 Your Spells              Type           Power        Failure   Level
a - Magic Dart            Conj           100%         1%          1
b - Searing Ray           Conj           70%          1%          2
c - Dazzling Flash        Conj/Hex       44%          6%          3
d - Fulminant Prism       Conj/Hex       11%          21%         4

Your spell library contained the following spells:

 Spells                   Type           Power        Failure   Level
 Iskenderun's Mystic Bla  Conj/Tloc      22%          21%         4


Dungeon Overview and Level Annotations

Branches:
Dungeon (3/15)

Altars:


Innate Abilities, Weirdness & Mutations

Your experience applies equally to all skills.
You have very sharp teeth.
Your uncanny sense of smell can sniff out nearby items.


Message History

You feel clumsy.
The quasit closely misses you. x2; The goblin barely misses you.
You climb upwards.
There is a stone staircase leading down here.
The quasit barely misses you. The quasit claws you.
* * * LOW HITPOINT WARNING * * *
The quasit claws you.
* * * LOW HITPOINT WARNING * * *
You feel clumsy. The goblin hits you with a +0 club.
* * * LOW HITPOINT WARNING * * *
The quasit bites you.
* * * LOW HITPOINT WARNING * * *
You feel clumsy. The quasit barely misses you. The quasit claws you.
* * * LOW HITPOINT WARNING * * *
The goblin hits you with a +0 club.
* * * LOW HITPOINT WARNING * * *
The quasit bites you.
You die...

######.######...............##
#.............####......##..#
#.#.########..# #.#...###..##
#.#.# #..# #.##...##....
#.#.###### #..# #.##.#.###.##
#.#......###.># #.##.#†###.##
#.##..........# #.##....##.##
#.##.#######g5# #.##.....#.##
#.##.# #.@# #.##.........
#.##.# #..# #.##.....#.##
#..).# #..# #.##.........
####.#######..# #.....†....##
#.#....=#..####............
#.#.###.#..#.............##
#...# #....#.##.####.##.##
###.###.####.##.####.##.#
#.....####.##...##.##.#


You could see a quasit and a goblin.

Vanquished Creatures
  A hound (D:2)
  2 adders (D:2)
  A worm (D:2)
  A ball python (D:2)
  2 giant cockroaches (D:1)
  2 hobgoblins
  A quokka (D:2)
  2 bats
  A frilled lizard (D:1)
  5 goblins
  2 kobolds (D:2)
  3 rats
23 creatures vanquished.

Notes
Turn   | Place    | Note
-------+----------+-------------------------------------------
     0 | D:1      | SonOfAdam the Gnoll Conjurer began the quest for the Orb.
     0 | D:1      | Reached XP level 1. HP: 13/13 MP: 6/6
   432 | D:1      | Reached XP level 2. HP: 19/19 MP: 5/7
  1038 | D:2      | Reached skill level 5 in Spellcasting
  1038 | D:2      | Reached XP level 3. HP: 14/25 MP: 2/9
  1184 | D:2      | Learned a level 2 spell: Searing Ray
  1188 | D:2      | Learned a level 3 spell: Dazzling Flash
  1512 | D:2      | HP: 1/25 [hound (2)]
  1518 | D:2      | Reached skill level 1 in Fighting
  1518 | D:2      | Reached skill level 1 in Short Blades
  1518 | D:2      | Reached skill level 1 in Long Blades
  1518 | D:2      | Reached skill level 1 in Axes
  1518 | D:2      | Reached skill level 1 in Maces & Flails
  1518 | D:2      | Reached skill level 1 in Polearms
  1518 | D:2      | Reached skill level 1 in Staves
  1518 | D:2      | Reached skill level 1 in Slings
  1518 | D:2      | Reached skill level 1 in Bows
  1518 | D:2      | Reached skill level 1 in Crossbows
  1518 | D:2      | Reached skill level 1 in Throwing
  1518 | D:2      | Reached skill level 1 in Armour
  1518 | D:2      | Reached skill level 1 in Shields
  1518 | D:2      | Reached skill level 1 in Unarmed Combat
  1518 | D:2      | Reached skill level 1 in Invocations
  1518 | D:2      | Reached skill level 1 in Evocations
  1518 | D:2      | Reached XP level 4. HP: 7/32 MP: 1/11
  1765 | D:2      | Learned a level 4 spell: Fulminant Prism
  1966 | D:2      | Found a faded altar of an unknown god.
  2047 | D:2      | HP: 1/32 [goblin/+0 club (1)]
  2048 | D:2      | Slain by a quasit

Illustrated notes

Levels and vault maps discovered:
D:1:      minmay_arrival_hallway, layout_rooms, kennysheep_crisscross
D:2:      layout_loops_ring, chequers_ecumenical_altar_grove
D:3:      minmay_spotlight, layout_rooms, nicolae_overflow_hidden_temple

Skill      XL: |  1  2  3 |
---------------+----------+-----
Spellcasting   | 5 |  5.0
Fighting       | 1 |  1.1
Short Blades   | 1 |  1.1
Long Blades    | 1 |  1.1
Axes           | 1 |  1.1
Maces & Flails | 1 |  1.1
Polearms       | 1 |  1.1
Staves         | 1 |  1.1
Slings         | 1 |  1.1
Bows           | 1 |  1.1
Crossbows      | 1 |  1.1
Throwing       | 1 |  1.1
Armour         | 1 |  1.1
Shields        | 1 |  1.1
Unarmed Combat | 1 |  1.1
Invocations    | 1 |  1.2
Evocations     | 1 |  1.1
Dodging        | |  4.6
Stealth        | |  4.2
Conjurations   | |  7.1
Hexes          | |  0.8
Summonings     | |  0.8
Necromancy     | |  0.8
Translocations | |  0.8
Transmutations | |  0.8
Fire Magic     | |  0.8
Ice Magic      | |  0.8
Air Magic      | |  0.8
Earth Magic    | |  0.8
Poison Magic   | |  0.8

Action                   |  1- 3 |  4- 6 || total
-------------------------+-------+-------++-------
Melee: Spear             |     3 |       ||     3
       Mace              |    10 |       ||    10
       Bite              |     2 |       ||     2
 Cast: Magic Dart        |    37 |     1 ||    38
       Searing Ray       |       |     4 ||     4
       Dazzling Flash    |       |     2 ||     2
  Use: Scroll            |     4 |     1 ||     5
       Potion            |     1 |       ||     1
 Stab: Sleeping          |     3 |       ||     3
Dodge: Dodged            |    16 |    31 ||    47
